 Dungeon Crawl Stone Soup version 0.31-a0-217-g58bb5d79cf (webtiles) character file.

Game seed: 10843837577773955843

52710 qw the Marksminotaur (level 14, -5/129 HPs)
             Began as a Minotaur Hexslinger on July 2, 2023.
             Was a High Priest of Okawaru.
             Killed from afar by a fire dragon (48 damage)
             ... with a blast of flame
             ... on level 10 of the Dungeon.
             The game lasted 00:08:23 (15154 turns).

qw the Marksminotaur (Minotaur Hexslinger)         Turns: 15154, Time: 00:08:24

Health: -5/129     AC: 20    Str: 14    XL:     14   Next: 28%
Magic:  14/20      EV: 21    Int: 10    God:    Okawaru [*****.]
Gold:   2091       SH:  0    Dex: 21    Spells: 14/15 levels left

rFire   . . .        Y - +2 longbow (flame)
rCold   . . .        (shield currently unavailable)
rNeg    . . .        g - +0 ring mail
rPois   .            (helmet restricted)
rElec   .            f - +2 cloak
rCorr   .            n - +0 pair of fencer's gloves {Riposte Dex+3}
SInv    .            s - +2 pair of boots of Daisies {Dex+3}
Will    +....        o - amulet of faith
Stlth   +++          q - +4 ring of protection
HPRegen 0.41/turn    (no ring)
MPRegen 0.17/turn

%: faith
@: about to teleport, heroic, finesse-ful
A: horns 2, retaliatory headbutt, clumsy 1, mutation resistance 1
a: Renounce Religion, Heroism, Finesse, Duel


You were on level 10 of the Dungeon.
You worshipped Okawaru.
Okawaru was extremely pleased with you.
You visited 3 branches of the dungeon, and saw 16 of its levels.
You also visited: Ossuary.

You collected 2091 gold pieces.


Innate Abilities, Weirdness & Mutations

You have a pair of horns on your head.
You reflexively headbutt those who attack you in melee.
You are clumsy. (Dex -2)
You are somewhat resistant to further mutation.


   Skills:
 - Level 13.0(18.0) Fighting
 - Level 19.0(24.0) Ranged Weapons
 - Level 8.0(13.0) Armour
 + Level 9.7(14.7) Dodging
 - Level 1.0 Spellcasting
 - Level 2.0 Hexes
 - Level 10.0 Invocations


You had 14 spell levels left.
You knew the following spells:

 Your Spells              Type           Power      Damage    Failure   Level
a - Slow                  Hex            16%        N/A       26%         1

Your spell library contained the following spells:

 Spells                   Type           Power      Damage    Failure   Level
 Inner Flame              Hex/Fire       2%         N/A       75%         3
 Portal Projectile        Hex/Tloc       4%         N/A       75%         3
 Cause Fear               Hex            2%         N/A       94%         4

Inventory:

Hand Weapons
 Y - a +2 longbow of flaming (weapon)
Armour
 f - a +2 cloak (worn)
 g - a +0 ring mail (worn)
 n - the +0 pair of fencer's gloves (worn) {Riposte Dex+3}
   (You found it on level 4 of the Lair of Beasts)

   Riposte:   It allows the wearer to riposte with melee weapons, swiftly
   retaliating against missed or blocked melee attacks.
   Dex:       It affects your dexterity (+3).
 r - a +0 troll leather armour
 s - the +2 pair of boots of Daisies (worn) {Dex+3}
   (You found it on level 1 of the Lair of Beasts)

   Dex:       It affects your dexterity (+3).
Jewellery
 l - an amulet of regeneration
 o - an amulet of faith (around neck)
 p - a ring of positive energy
 q - a +4 ring of protection (left hand)
Wands
 b - a wand of digging (2)
Scrolls
 h - 2 scrolls of identify
 k - 4 scrolls of teleportation
Potions
 a - 3 potions of haste
 c - 4 potions of might
 d - 7 potions of curing
 e - a potion of mutation
 i - a potion of resistance
 j - 5 potions of heal wounds
 m - 2 potions of enlightenment

Dungeon Overview and Level Annotations

Branches:
Dungeon (10/15)            Temple (1/1) D:5            Lair (5/5) D:9
  Swamp (0/4) Lair:3        Snake (0/4) Lair:3        Slime (0/5) Lair:4
Ossuary (visited)
    Orc: D:9-12

Altars:
Ashenzari
Cheibriados
Dithmenos
Elyvilon
Fedhas
Gozag
Hepliaklqana
Kikubaaqudgha
Makhleb
Nemelex Xobeh
Okawaru
Qazlal
Ru
Sif Muna
Trog
Uskayaw
Vehumet
Wu Jian
Xom
Yredelemnul
Zin
The Shining One

Portals:
Hell: Lair:5
Bailey: D:10

Annotations:
D:6 1 runed translucent door, Crazy Yiuf
Lair:3 exclusion: cane toad


Message History

You shoot an arrow.
The arrow hits the fire dragon but does no damage.
The fire dragon is lightly wounded.
You shoot an arrow.
The arrow hits the fire dragon but does no damage.
The fire dragon is lightly wounded.
Something hits you but does no damage.
You shoot an arrow. The arrow hits the fire dragon!!!
The arrow burns the fire dragon.
The fire dragon is heavily wounded.
The fire dragon bites you! The fire dragon completely misses you.
The fire dragon tramples you.
You hold your ground!
You shoot an arrow. The arrow hits the fire dragon.
The fire dragon is heavily wounded.
You shoot an arrow. The arrow hits the fire dragon!!
The fire dragon is severely wounded.
You shoot an arrow. The arrow hits the fire dragon.
The fire dragon is severely wounded.
The fire dragon breathes flames at you. The blast of flame hits you!!
Something closely misses you.
You shoot an arrow. The arrow hits the fire dragon!
The fire dragon is almost dead.
You shoot an arrow. The arrow hits the fire dragon.
The fire dragon is almost dead.
The fire dragon breathes flames at you. The blast of flame hits you!!!
You shoot an arrow. The arrow hits the fire dragon!
The fire dragon is almost dead.
You carefully extract the barbed spikes from your body.
Something hits you!
15153 ||| READING 5 scrolls of teleportation.
As you read the scroll of teleportation, it crumbles to dust.
You feel strangely unstable. The fire dragon bites you.
The fire dragon completely misses you.
The fire dragon tramples you but does no damage.
15154 ||| DRINKING 6 potions of heal wounds.
You feel much better. The fire dragon breathes flames at you.
The blast of flame hits you!!!
You die...

###.# #.##########.#
..#.####.#........#.#
8.'.##...#.#+####.'.#
..#.##.#.# #....#.#.#
###..#.#.# #....#.#.##
.......#.# #....#.#..#
#....#...# .{s#.#..#
#...####.+.####D#.#.##
#...# #.#......@.#.#
#...# #.##########.#
#...# #............#
#...# #..######.##.#
#...# ##.# #....#
..... ..# #.#### ....#
#..######.#
#.........#########
#..######............#


You could see a fire dragon (catching breath) and a tarantella.

Vanquished Creatures
  8 hydras
  A catoblepas (Lair:4)
  A boulder beetle (D:9)
  An anaconda (Lair:3)
  8 death yaks
  A sixfirhy (Lair:5)
  3 skysharks
  A wizard (Lair:5)
  Pikel (D:5)
  A manticore (D:10)
  4 elephants
  11 black mambas
  A torpor snail (Lair:3)
  A smoke demon (Lair:5)
  14 cane toads
  4 orange demons (Lair:5)
  12 rime drakes
  14 komodo dragons
  An ice devil (Lair:5)
  2 hornets
  2 trolls
  8 polar bears
  6 dream sheep
  5 blink frogs (Lair:3)
  2 slime creatures (Lair:4)
  11 wyverns
  30 yaks
  3 basilisks
  16 water moccasins
  4 hell hounds (Lair:5)
  2 black bears
  3 orc warriors
  26 wolves
  7 centaurs
  An ogre (D:6)
  3 lemures (D:5)
  4 phantoms
  3 kobold brigands (D:9)
  11 bullfrogs
  7 scorpions
  3 water moccasin zombies
  A wyvern skeleton (D:5)
  2 water moccasin skeletons (D:5)
  12 wights
  A howler monkey (D:8)
  4 electric eels
  2 bullfrog zombies (D:5)
  A bullfrog skeleton (D:5)
  6 hounds
  4 jellies
  4 orc priests
  A centaur skeleton (D:5)
  2 iguanas
  3 sleepcaps
  10 orc wizards
  3 scorpion zombies (D:5)
  8 hell rats
  A killer bee zombie (D:5)
  5 hound zombies (D:5)
  A hound skeleton (D:5)
  2 mummies (Ossuary)
  A howler monkey zombie (D:5)
  8 adders
  3 gnolls (D:3)
  A howler monkey skeleton (D:5)
  2 shadow imps
  5 white imps
  3 adder zombies (Ossuary)
  2 worms
  A dart slug (D:1)
  34 orcs
  4 ball pythons
  3 bats
  5 bat zombies (D:3)
  8 endoplasms
  A giant cockroach (D:1)
  7 gnoll zombies (Ossuary)
  11 goblins
  6 hobgoblins
  23 kobolds
  8 quokkas
  6 frilled lizards
  2 hobgoblin zombies (Ossuary)
  6 kobold zombies (Ossuary)
  6 orc zombies (Ossuary)
  9 rats
  4 rat zombies (D:3)
489 creatures vanquished.

Notes
Turn   | Place    | Note
-------+----------+-------------------------------------------
     0 | D:1      | qw the Minotaur Hexslinger began the quest for the Orb.
     0 | D:1      | Reached XP level 1. HP: 16/16 MP: 1/1
     0 | D:1      | 0 ||| qw: Version: 0.3-a-40-ge99b1a8
     0 | D:1      | 0 ||| qw: Game counter: 8015
     0 | D:1      | 0 ||| qw: Melee chars always use a shield: true
     0 | D:1      | 0 ||| qw: God list: Okawaru
     0 | D:1      | 0 ||| qw: Allow faded altars: false
     0 | D:1      | 0 ||| qw: Do Orc after clearing Dungeon:15 true
     0 | D:1      | 0 ||| qw: Do second Lair branch before Depths: true
     0 | D:1      | 0 ||| qw: Lair rune preference: random
     0 | D:1      | 0 ||| qw: Goals: Normal
     0 | D:1      | 0 ||| PLANNING D:1-11
   143 | D:1      | Reached skill level 3 in Ranged Weapons
   143 | D:1      | Reached XP level 2. HP: 21/23 MP: 2/2
   190 | D:1      | 190 ||| FLEEEEING.
   191 | D:1      | 191 ||| FLEEEEING.
   192 | D:1      | 192 ||| FLEEEEING.
   193 | D:1      | 193 ||| FLEEEEING.
   642 | D:1      | Reached XP level 3. HP: 29/29 MP: 3/3
   841 | D:1      | 841 ||| UPGRADING to +0 leather armour.
   851 | D:1      | 851 ||| DROPPING +0 robe.
   852 | D:1      | 852 ||| UPGRADING to +0 ring mail.
   862 | D:1      | 862 ||| DROPPING +0 leather armour.
   863 | D:1      | 863 ||| READING scroll labelled KUSA KEULITUMP.
   864 | D:1      | 864 ||| READING scroll labelled OKLEGE HAXZUT.
   869 | D:1      | 869 ||| READING scroll labelled JEJAB MUDDOELE.
   870 | D:1      | 870 ||| DROPPING scroll of poison.
   983 | D:2      | Reached skill level 4 in Ranged Weapons
  1297 | D:2      | Reached skill level 1 in Armour
  1445 | D:2      | Found a faded altar of an unknown god.
  1453 | D:2      | 1453 ||| UPGRADING to +0 pair of gloves.
  1458 | D:2      | 1458 ||| READING scroll labelled CEUVVYN REIL.
  1458 | D:2      | Identified a scroll of acquirement
  1458 | D:2      | 1458 ||| ACQUIRING 859 gold pieces
  1458 | D:2      | Acquired 859 gold pieces
  1460 | D:2      | 1460 ||| READING scroll labelled VOMORRE YNWUHA.
  1461 | D:2      | 1461 ||| READING scroll labelled NEOWUL SUFYS.
  1462 | D:2      | 1462 ||| READING scroll labelled QIUSEEC DUCH.
  1569 | D:3      | Reached XP level 4. HP: 30/36 MP: 4/4
  1618 | D:3      | Found a stormy altar of Qazlal.
  1652 | D:3      | Found a bloodstained altar of Trog.
  1720 | D:3      | Identified the +2 leather armour "Boyrypn" {Str-2 Int+6
                  | Dex-5 Stlth+}
  1829 | D:3      | Found a radiant altar of Vehumet.
  1928 | D:3      | Found an ancient bone altar of Kikubaaqudgha.
  2000 | D:3      | Reached skill level 5 in Ranged Weapons
  2058 | D:3      | Reached XP level 5. HP: 26/42 MP: 5/5
  2538 | D:3      | 2538 ||| DROPPING +2 leather armour "Boyrypn" {Str-2 Int+6
                  | Dex-5 Stlth+}.
  2539 | D:3      | 2539 ||| UPGRADING to amulet of regeneration.
  2544 | D:3      | 2544 ||| READING scroll labelled RUOCRU KISU.
  2709 | D:4      | Noticed a phantom
  2717 | D:4      | Killed a phantom
  2718 | D:4      | Reached XP level 6. HP: 52/52 MP: 6/6
  2862 | D:4      | Reached skill level 6 in Ranged Weapons
  2863 | D:4      | 2863 ||| FLEEEEING.
  2864 | D:4      | 2864 ||| FLEEEEING.
  2865 | D:4      | 2865 ||| FLEEEEING.
  2866 | D:4      | 2866 ||| FLEEEEING.
  3438 | D:4      | 3438 ||| READING scroll of enchant weapon.
  3438 | D:4      | 3438 ||| ENCHANTING +2 sling.
  3818 | D:4      | 3818 ||| UPGRADING to +2 pair of boots.
  3823 | D:4      | 3823 ||| READING scroll labelled RUGYAT MES IDE.
  3848 | D:5      | Entered Level 5 of the Dungeon
  3858 | D:5      | 3858 ||| STAIRDANCE
  3862 | D:4      | HP: 13/52 [something/puff of flame (9)]
  3863 | D:4      | 3863 ||| READING 3 scrolls of teleportation.
  3933 | D:5      | 3933 ||| STAIRDANCE
  3945 | D:5      | Reached skill level 7 in Ranged Weapons
  3947 | D:5      | 3947 ||| STAIRDANCE
  3965 | D:5      | 3965 ||| STAIRDANCE
  3983 | D:5      | Reached XP level 7. HP: 59/59 MP: 7/7
  4073 | D:5      | 4073 ||| FLEEEEING.
  4074 | D:5      | 4074 ||| FLEEEEING.
  4075 | D:5      | 4075 ||| FLEEEEING.
  4076 | D:5      | 4076 ||| FLEEEEING.
  4077 | D:5      | 4077 ||| FLEEEEING.
  4078 | D:5      | 4078 ||| FLEEEEING.
  4112 | D:5      | Reached skill level 8 in Ranged Weapons
  4199 | D:5      | Reached XP level 8. HP: 68/68 MP: 8/8
  4213 | D:5      | 4213 ||| SWAPPING to +0 longbow.
  4215 | D:5      | Reached skill level 9 in Ranged Weapons
  4228 | D:5      | 4228 ||| DROPPING +3 sling.
  4240 | D:5      | Found a snail-covered altar of Cheibriados.
  4252 | D:5      | Reached skill level 6 in Fighting
  4254 | D:5      | 4254 ||| READING scroll of enchant armour.
  4254 | D:5      | 4254 ||| ENCHANTING +0 pair of gloves.
  4284 | D:5      | 4284 ||| READING scroll of enchant armour.
  4284 | D:5      | 4284 ||| ENCHANTING +1 pair of gloves.
  4353 | D:5      | Reached skill level 3 in Dodging
  4374 | D:5      | Noticed Pikel
  4380 | D:5      | Killed Pikel
  4381 | D:5      | Reached skill level 10 in Ranged Weapons
  4401 | D:5      | You fall into a shaft and drop 1 floor!
  4436 | D:6      | Reached skill level 3 in Armour
  4491 | D:6      | Found a hazy altar of Hepliaklqana.
  4521 | D:6      | Reached XP level 9. HP: 78/78 MP: 9/9
  4542 | D:6      | 4542 ||| UPGRADING to +0 cloak.
  4547 | D:6      | 4547 ||| READING scroll labelled RUEWIO IMEUTRO.
  4548 | D:6      | 4548 ||| READING scroll labelled AQIROCAELE.
  4649 | D:6      | 4649 ||| READING scroll labelled KALAOMURCHU.
  4650 | D:6      | 4650 ||| DRINKING 2 metallic orange potions.
  4651 | D:6      | 4651 ||| DROPPING potion of magic.
  4716 | D:5      | Found a staircase to the Ecumenical Temple.
  4717 | D:5      | 4717 ||| PLANNING TEMPLE
  4738 | Temple   | Entered the Ecumenical Temple
  4740 | Temple   | 4740 ||| PLANNING OKAWARU WORSHIP
  4797 | Temple   | Became a worshipper of Warmaster Okawaru
  4798 | Temple   | 4798 ||| PLANNING D:1-11
  4941 | D:5      | Reached skill level 11 in Ranged Weapons
  5145 | D:6      | Found a runed translucent door.
  5146 | D:6      | Noticed Crazy Yiuf
  5377 | D:6      | 5377 ||| DRINKING 2 smoky inky potions.
  5599 | D:7      | Reached * piety under Okawaru
  5797 | D:7      | Reached skill level 1 in Invocations
  5837 | D:7      | 5837 ||| INVOKING Heroism.
  6016 | D:7      | 6016 ||| READING scroll labelled FAGAOR FIL UPN.
  6017 | D:7      | 6017 ||| DRINKING 2 sedimented inky potions.
  6048 | D:8      | 6048 ||| PLANNING OSSUARY
  6106 | D:8      | 6106 ||| INVOKING Heroism.
  6112 | D:8      | Reached skill level 12 in Ranged Weapons
  6212 | D:8      | 6212 ||| READING scroll of enchant armour.
  6212 | D:8      | 6212 ||| ENCHANTING +0 cloak.
  6219 | D:8      | Found a sand-covered staircase.
  6220 | D:8      | 6220 ||| DRINKING 2 viscous red potions.
  6229 | Ossuary  | Entered an ossuary
  6340 | Ossuary  | Reached skill level 3 in Invocations
  6371 | Ossuary  | 6371 ||| DRINKING 3 black potions.
  6372 | Ossuary  | 6372 ||| DRINKING 2 coppery potions.
  6372 | Ossuary  | Gained mutation: You are clumsy. (Dex -2) [potion of
                  | mutation]
  6372 | Ossuary  | Gained mutation: You are somewhat resistant to further
                  | mutation. [potion of mutation]
  6373 | Ossuary  | 6373 ||| DRINKING 2 fuming white potions.
  6435 | Ossuary  | 6435 ||| DRINKING 2 ruby potions.
  6436 | Ossuary  | 6436 ||| DROPPING potion of lignification.
  6437 | Ossuary  | 6437 ||| DROPPING potion of attraction.
  6446 | D:8      | 6446 ||| PLANNING D:1-11
  6454 | D:8      | 6454 ||| READING scroll of enchant armour.
  6454 | D:8      | 6454 ||| ENCHANTING +1 cloak.
  6673 | D:8      | 6673 ||| INVOKING Heroism.
  6906 | D:8      | 6906 ||| DRINKING 3 green potions.
  6907 | D:8      | 6907 ||| DRINKING 2 lumpy dark potions.
  6908 | D:8      | 6908 ||| DRINKING 5 potions of curing.
  6908 | D:8      | 6908 ||| (to cure confusion)
  6909 | D:8      | 6909 ||| DROPPING potion of ambrosia.
  6950 | D:9      | 6950 ||| STAIRDANCE
  7027 | D:9      | Found a hide-covered altar of Uskayaw.
  7118 | D:9      | 7118 ||| Stepping ~*~*~tactically~*~*~ (outnumbered).
  7120 | D:9      | 7120 ||| Stepping ~*~*~tactically~*~*~ (outnumbered).
  7122 | D:9      | 7122 ||| Stepping ~*~*~tactically~*~*~ (outnumbered).
  7166 | D:9      | Found a sparkling altar of Nemelex Xobeh.
  7181 | D:9      | Reached XP level 10. HP: 88/88 MP: 10/12
  7181 | D:9      | 7181 ||| FLEEEEING.
  7182 | D:9      | 7182 ||| FLEEEEING.
  7183 | D:9      | 7183 ||| FLEEEEING.
  7184 | D:9      | 7184 ||| FLEEEEING.
  7185 | D:9      | 7185 ||| FLEEEEING.
  7186 | D:9      | 7186 ||| FLEEEEING.
  7187 | D:9      | 7187 ||| FLEEEEING.
  7188 | D:9      | 7188 ||| FLEEEEING.
  7189 | D:9      | 7189 ||| FLEEEEING.
  7190 | D:9      | 7190 ||| FLEEEEING.
  7191 | D:9      | 7191 ||| FLEEEEING.
  7192 | D:9      | 7192 ||| FLEEEEING.
  7195 | D:9      | 7195 ||| FLEEEEING.
  7434 | D:9      | Paralysed by a hornet for 2 turns
  7436 | D:9      | 7436 ||| INVOKING Heroism.
  7442 | D:9      | Paralysed by a hornet for 2 turns
  7448 | D:9      | Reached skill level 13 in Ranged Weapons
  7453 | D:9      | 7453 ||| INVOKING Heroism.
  7466 | D:9      | 7466 ||| FLEEEEING.
  7469 | D:9      | 7469 ||| FLEEEEING.
  7470 | D:9      | 7470 ||| FLEEEEING.
  7471 | D:9      | 7471 ||| FLEEEEING.
  7472 | D:9      | 7472 ||| FLEEEEING.
  7473 | D:9      | 7473 ||| FLEEEEING.
  7477 | D:9      | 7477 ||| INVOKING Heroism.
  7484 | D:9      | Reached skill level 9 in Fighting
  7501 | D:9      | 7501 ||| FLEEEEING.
  7514 | D:9      | 7514 ||| FLEEEEING.
  7515 | D:9      | 7515 ||| FLEEEEING.
  7557 | D:9      | 7557 ||| INVOKING Heroism.
  7613 | D:9      | Found a staircase to the Lair.
  7813 | D:9      | 7813 ||| Stepping ~*~*~tactically~*~*~ (outnumbered).
  7816 | D:9      | 7816 ||| Stepping ~*~*~tactically~*~*~ (outnumbered).
  8015 | D:9      | 8015 ||| PLANNING LAIR
  8090 | Lair:1   | Entered Level 1 of the Lair of Beasts
  8091 | Lair:1   | 8091 ||| INVOKING Heroism.
  8092 | Lair:1   | Noticed a cane toad
  8095 | Lair:1   | 8095 ||| STAIRDANCE
  8100 | D:9      | HP: 21/91 [wolf (5)]
  8101 | D:9      | 8101 ||| READING 4 scrolls of teleportation.
  8102 | D:9      | 8102 ||| DRINKING 2 potions of heal wounds.
  8203 | Lair:1   | 8203 ||| INVOKING Heroism.
  8203 | Lair:1   | Noticed a boulder beetle
  8210 | Lair:1   | 8210 ||| STAIRDANCE
  8214 | D:9      | Killed a cane toad
  8219 | D:9      | Reached ** piety under Okawaru
  8276 | Lair:1   | 8276 ||| STAIRDANCE
  8278 | D:9      | 8278 ||| INVOKING Heroism.
  8301 | D:9      | 8301 ||| INVOKING Heroism.
  8307 | D:9      | Reached skill level 14 in Ranged Weapons
  8311 | D:9      | HP: 2/91 [boulder beetle (40)]
  8312 | D:9      | 8312 ||| READING 3 scrolls of teleportation.
  8313 | D:9      | 8313 ||| DRINKING potion of heal wounds.
  8859 | Lair:1   | Noticed a black mamba
  8860 | Lair:1   | 8860 ||| INVOKING Heroism.
  8870 | Lair:1   | Killed a black mamba
  8876 | Lair:1   | Reached XP level 11. HP: 49/99 MP: 11/13
  9107 | Lair:1   | 9107 ||| INVOKING Heroism.
  9152 | Lair:1   | 9152 ||| INVOKING Heroism.
  9172 | Lair:1   | Identified the +2 pair of boots of Daisies {Dex+3}
  9415 | Lair:1   | 9415 ||| UPGRADING to +2 pair of boots of Daisies {Dex+3}.
  9425 | Lair:1   | 9425 ||| DROPPING +2 pair of boots.
  9426 | Lair:1   | 9426 ||| UPGRADING to +4 ring of protection.
  9427 | Lair:1   | 9427 ||| READING scroll labelled QIUNOCKY XOCKIJ.
  9489 | Lair:2   | 9489 ||| INVOKING Heroism.
  9530 | Lair:2   | 9530 ||| INVOKING Heroism.
  9549 | Lair:2   | Reached skill level 6 in Dodging
  9749 | Lair:2   | Reached *** piety under Okawaru
  9772 | Lair:2   | 9772 ||| INVOKING Heroism.
  9935 | Lair:2   | 9935 ||| INVOKING Heroism.
 10060 | Lair:2   | Found an ancient bone altar of Kikubaaqudgha.
 10064 | Lair:2   | Reached skill level 15 in Ranged Weapons
 10069 | Lair:2   | 10069 ||| INVOKING Heroism.
 10263 | Lair:2   | 10263 ||| READING 3 scrolls of identify.
 10263 | Lair:2   | 10263 ||| IDENTIFYING amethyst potion
 10264 | Lair:2   | 10264 ||| READING 2 scrolls of identify.
 10264 | Lair:2   | 10264 ||| IDENTIFYING smoky sapphire potion
 10265 | Lair:2   | 10265 ||| DROPPING potion of invisibility.
 10293 | Lair:3   | 10293 ||| INVOKING Heroism.
 10297 | Lair:3   | Reached skill level 6 in Armour
 10331 | Lair:3   | 10331 ||| INVOKING Heroism.
 10367 | Lair:3   | 10367 ||| INVOKING Heroism.
 10402 | Lair:3   | Noticed a skyshark
 10409 | Lair:3   | 10409 ||| INVOKING Heroism.
 10412 | Lair:3   | Killed a skyshark
 10478 | Lair:3   | Found a staircase to the Snake Pit.
 10491 | Lair:3   | 10491 ||| INVOKING Heroism.
 10514 | Lair:3   | Noticed a six-headed hydra
 10515 | Lair:3   | 10515 ||| INVOKING Heroism.
 10523 | Lair:3   | Killed a six-headed hydra
 10524 | Lair:3   | Reached skill level 16 in Ranged Weapons
 10543 | Lair:3   | 10543 ||| READING scroll of enchant weapon.
 10543 | Lair:3   | 10543 ||| ENCHANTING +0 longbow of flaming.
 10550 | Lair:3   | 10550 ||| FLEEEEING.
 10551 | Lair:3   | 10551 ||| FLEEEEING.
 10552 | Lair:3   | 10552 ||| FLEEEEING.
 10553 | Lair:3   | 10553 ||| STAIRDANCE
 10655 | Lair:2   | 10655 ||| READING 2 scrolls of identify.
 10655 | Lair:2   | 10655 ||| IDENTIFYING smoky purple potion
 10669 | Lair:3   | Identified the +0 pair of gloves "Diron" {rElec rF- rN+
                  | Int+5}
 10730 | Lair:3   | 10730 ||| INVOKING Heroism.
 10758 | Lair:3   | Found a staircase to the Swamp.
 10856 | Lair:3   | 10856 ||| INVOKING Heroism.
 10980 | Lair:3   | 10980 ||| INVOKING Heroism.
 10994 | Lair:3   | Reached XP level 12. HP: 103/110 MP: 12/14
 11055 | Lair:3   | Noticed an eight-headed hydra
 11056 | Lair:3   | 11056 ||| INVOKING Heroism.
 11067 | Lair:3   | Killed an eight-headed hydra
 11111 | Lair:3   | Reached **** piety under Okawaru
 11140 | Lair:3   | 11140 ||| INVOKING Heroism.
 11151 | Lair:3   | Received a gift from Okawaru
 11152 | Lair:3   | Reached skill level 17 in Ranged Weapons
 11257 | Lair:3   | 11257 ||| INVOKING Heroism.
 11273 | Lair:3   | Noticed an anaconda
 11287 | Lair:3   | Killed an anaconda
 11291 | Lair:3   | 11291 ||| INVOKING Heroism.
 11401 | Lair:3   | Noticed a five-headed hydra
 11403 | Lair:3   | Noticed a death yak
 11403 | Lair:3   | 11403 ||| INVOKING Heroism.
 11408 | Lair:3   | Killed a five-headed hydra
 11409 | Lair:3   | Reached skill level 6 in Invocations
 11415 | Lair:3   | Killed a death yak
 11440 | Lair:3   | 11440 ||| DROPPING +0 pair of gloves "Diron" {rElec rF- rN+
                  | Int+5}.
 11447 | Lair:3   | Reached ***** piety under Okawaru
 11459 | Lair:3   | 11459 ||| DROPPING amulet of magic regeneration.
 11460 | Lair:3   | 11460 ||| READING 2 scrolls of identify.
 11460 | Lair:3   | 11460 ||| IDENTIFYING bubbling orange potion
 11461 | Lair:3   | 11461 ||| DROPPING potion of berserk rage.
 11539 | Lair:3   | 11539 ||| INVOKING Heroism.
 11579 | Lair:3   | 11579 ||| INVOKING Heroism.
 11609 | Lair:3   | Noticed a seven-headed hydra
 11610 | Lair:3   | 11610 ||| INVOKING Heroism.
 11616 | Lair:3   | Killed a seven-headed hydra
 12213 | Lair:4   | 12213 ||| INVOKING Heroism.
 12281 | Lair:4   | 12281 ||| INVOKING Heroism.
 12282 | Lair:4   | Reached XP level 13. HP: 100/116 MP: 14/17
 12447 | Lair:4   | 12447 ||| Stepping ~*~*~tactically~*~*~ (cloud).
 12449 | Lair:4   | 12449 ||| Stepping ~*~*~tactically~*~*~ (cloud).
 12451 | Lair:4   | 12451 ||| INVOKING Heroism.
 12452 | Lair:4   | 12452 ||| INVOKING Finesse.
 12458 | Lair:4   | 12458 ||| Stepping ~*~*~tactically~*~*~ (cloud).
 12459 | Lair:4   | 12459 ||| Stepping ~*~*~tactically~*~*~ (cloud).
 12464 | Lair:4   | Reached skill level 18 in Ranged Weapons
 12512 | Lair:4   | Found the +0 pair of fencer's gloves {Riposte Dex+3}
 12567 | Lair:4   | Found a staircase to the Slime Pits.
 12674 | Lair:4   | Received a gift from Okawaru
 12835 | Lair:4   | 12835 ||| INVOKING Heroism.
 12837 | Lair:4   | 12837 ||| INVOKING Finesse.
 12878 | Lair:4   | 12878 ||| FLEEEEING.
 12879 | Lair:4   | 12879 ||| FLEEEEING.
 12880 | Lair:4   | 12880 ||| FLEEEEING.
 12882 | Lair:4   | 12882 ||| FLEEEEING.
 12883 | Lair:4   | 12883 ||| FLEEEEING.
 12884 | Lair:4   | 12884 ||| FLEEEEING.
 13236 | Lair:4   | 13236 ||| UPGRADING to +0 pair of fencer's gloves {Riposte
                  | Dex+3}.
 13246 | Lair:4   | 13246 ||| DROPPING +2 pair of gloves.
 13247 | Lair:4   | 13247 ||| DROPPING ring of wizardry.
 13248 | Lair:4   | 13248 ||| READING 3 scrolls of identify.
 13248 | Lair:4   | 13248 ||| IDENTIFYING brown potion
 13249 | Lair:4   | 13249 ||| DROPPING potion of brilliance.
 13262 | Lair:5   | Entered Level 5 of the Lair of Beasts
 13263 | Lair:5   | 13263 ||| INVOKING Heroism.
 13283 | Lair:5   | Reached skill level 9 in Invocations
 13294 | Lair:5   | Reached skill level 12 in Fighting
 13323 | Lair:5   | 13323 ||| DRINKING potion of cancellation.
 13417 | Lair:5   | 13417 ||| INVOKING Heroism.
 13486 | Lair:5   | 13486 ||| INVOKING Heroism.
 13491 | Lair:5   | Received a gift from Okawaru
 13518 | Lair:5   | Reached skill level 9 in Dodging
 13559 | Lair:5   | 13559 ||| INVOKING Heroism.
 13581 | Lair:5   | Received a gift from Okawaru
 13614 | Lair:5   | 13614 ||| INVOKING Heroism.
 13679 | Lair:5   | 13679 ||| INVOKING Heroism.
 13979 | Lair:5   | 13979 ||| READING scroll of enchant weapon.
 13979 | Lair:5   | 13979 ||| ENCHANTING +1 longbow of flaming.
 14091 | Lair:5   | 14091 ||| INVOKING Heroism.
 14092 | Lair:5   | 14092 ||| INVOKING Finesse.
 14100 | Lair:5   | Reached skill level 19 in Ranged Weapons
 14106 | Lair:5   | Reached XP level 14. HP: 126/126 MP: 13/20
 14114 | Lair:5   | Received a gift from Okawaru
 14163 | Lair:5   | 14163 ||| DROPPING +1 arbalest of flaming.
 14496 | Lair:5   | Found a burning altar of Makhleb.
 14497 | Lair:5   | 14497 ||| Stepping ~*~*~tactically~*~*~ (outnumbered).
 14499 | Lair:5   | 14499 ||| Stepping ~*~*~tactically~*~*~ (outnumbered).
 14522 | Lair:5   | 14522 ||| Stepping ~*~*~tactically~*~*~ (outnumbered).
 14567 | Lair:5   | Found a gateway to Hell.
 14615 | Lair:5   | 14615 ||| PLANNING D:1-11
 14615 | Lair:5   | 14615 ||| UPGRADING to amulet of faith.
 14767 | D:9      | 14767 ||| INVOKING Heroism.
 14768 | D:9      | 14768 ||| INVOKING Finesse.
 14815 | D:10     | Entered Level 10 of the Dungeon
 15080 | D:10     | Found a flagged portal.
 15133 | D:10     | 15133 ||| INVOKING Heroism.
 15134 | D:10     | 15134 ||| INVOKING Finesse.
 15152 | D:10     | HP: 28/129 [something (10)]
 15153 | D:10     | 15153 ||| READING 5 scrolls of teleportation.
 15154 | D:10     | 15154 ||| DRINKING 6 potions of heal wounds.
 15154 | D:10     | Killed from afar by a fire dragon

Levels and vault maps discovered:
D:1:      dpeg_arrival_chambers_temple_mockup, layout_basic
D:2:      layout_rooms, serial_glass, glass_columns_a, glass_columns_b,
          dreamdust_ecumenical_altar_hidden_monk_grotto
D:3:      layout_basic, mainiacjoe_overflow_cross_hatched,
          lemuel_zombie_altar_kikubaaqudgha,
          mainiacjoe_overflow_concentric_impassable,
          mainiacjoe_overflow_brackets, serial_corexii_hall,
          corexii_hall_statues_l, corexii_hall_statues_s
D:4:      layout_layer_cave
D:5:      layout_rooms, mainiacjoe_overflow_tiny_flanked, temple_green,
          serial_undead, serial_undead_a, serial_undead_d, serial_undead_d,
          serial_undead_e, serial_undead_c, serial_undead_a, serial_undead_f,
          serial_undead_f, serial_undead_f, serial_undead_d, uniq_pikel
D:6:      layout_cave_pools, kennysheep_mini, uniq_crazy_yiuf_cottage
D:7:      layout_loops_ring
D:8:      layout_loops_cross, chequers_ossuary_entry_cave, due_unseen_surprise
D:9:      layout_basic, nicolae_uskayaw_dance_studio, nemelex_altar_shiori,
          erik_lair_island, eino_tiny_chamber
D:10:     minmay_shrinking_squares, layout_long_grid, enter_bailey_3,
          nicolae_zen_rock_garden, minmay_misc_feat_room, minivault_25_ag,
          uniq_erica
Temple:   eino_temple_lava
Lair:1:   layout_cave_pods, gammafunk_lair_bear_cave, infiniplex_staircase_pool,
          lemuel_fruit_tree
Lair:2:   layout_chaotic_city, lemuel_centaur_altar
Lair:3:   nzn_winding_woodlands_huge [nzn_winding_woodlands_5x15_split_checker,
          nzn_winding_woodlands_5x15_pathside_ponds,
          nzn_winding_woodlands_5x15_crooked,
          nzn_winding_woodlands_5x15_longhouse,
          nzn_winding_woodlands_5x15_twine, nzn_winding_woodlands_5x15_parted,
          nzn_winding_woodlands_5x15_concentric,
          nzn_winding_woodlands_5x15_jagged,
          nzn_winding_woodlands_5x15_sidewinder,
          nzn_winding_woodlands_5x15_sawtooth,
          nzn_winding_woodlands_center_diamonds,
          nzn_winding_woodlands_center_triple_pond,
          nzn_winding_woodlands_15x15_boxy_spiral], layout_long_grid,
          swamp_mist_pool
Lair:4:   layout_roguey, minmay_slime_entry_pillars, nicolae_lair_yak_garden
Lair:5:   evil_forest, layout_concentric_octagons

Skill      XL: |  1  2  3  4  5  6  7  8  9 10 11 12 13 14 |
---------------+-------------------------------------------+-----
Ranged Weapons | 3 4 5 7 8 10 12 14 16 17 19 | 19.0
Fighting       | 2 4 5 6 8 9 11 12 13 | 13.0
Armour         | 1 2 3 4 5 6 7 8 |  8.0
Dodging        | 3 4 5 6 8 9 |  9.7
Invocations    | 4 7 10 | 10.0
Spellcasting   | |  1.0
Hexes          | |  2.0

Action                     |  1- 3 |  4- 6 |  7- 9 | 10-12 | 13-15 || total
---------------------------+-------+-------+-------+-------+-------++-------
   Fire: Sling             |   141 |   157 |   120 |       |       ||   418
         Longbow           |       |       |   363 |   592 |   480 ||  1435
 Invoke: Heroism           |       |       |     3 |    35 |    11 ||    49
         Finesse           |       |       |       |       |     5 ||     5
    Use: Scroll            |     7 |     4 |     8 |     8 |     3 ||    30
         Potion            |       |       |    11 |     2 |     2 ||    15
 Armour: Robe              |     4 |       |       |       |       ||     4
         Ring mail         |    15 |    69 |   145 |   220 |    76 ||   525
  Dodge: Dodged            |    39 |    75 |   179 |   360 |   148 ||   801

Table legend:
 A = Non-vault XP
 B = Vault XP
 C = Vault XP percentage of total XP
 D = Non-vault monster count
 E = Vault monster count
 F = Vault count percentage of total count
                 A         B        C        D         E       F
            +---------+---------+-------+---------+---------+-------
      Total |   41970 |   33330 |  44.3 |     320 |     166 |  34.2
            +---------+---------+-------+---------+---------+-------
        D:1 |      56 |       0 |   0.0 |      32 |       0 |   0.0
        D:2 |      21 |       0 |   0.0 |      13 |       0 |   0.0
        D:3 |     112 |      14 |  11.1 |      14 |       9 |  39.1
        D:4 |     295 |       0 |   0.0 |      15 |       0 |   0.0
        D:5 |     760 |    1618 |  68.0 |      22 |      24 |  52.2
        D:6 |     621 |       0 |   0.0 |      15 |       0 |   0.0
        D:7 |     555 |       0 |   0.0 |      20 |       0 |   0.0
        D:8 |     805 |       0 |   0.0 |      21 |       0 |   0.0
        D:9 |    3982 |     995 |  20.0 |      45 |      12 |  21.1
       D:10 |     600 |     541 |  47.4 |       2 |       5 |  71.4
     Lair:1 |    2221 |     789 |  26.2 |      11 |       4 |  26.7
     Lair:2 |    2643 |     457 |  14.7 |      13 |       4 |  23.5
     Lair:3 |    5616 |   15928 |  73.9 |      17 |      46 |  73.0
     Lair:4 |    5959 |    2823 |  32.1 |      27 |       9 |  25.0
     Lair:5 |   17724 |   10007 |  36.1 |      53 |      26 |  32.9
    Ossuary |       0 |     158 | 100.0 |       0 |      27 | 100.0
            +---------+---------+-------+---------+---------+-------
